 Dungeon Crawl Stone Soup version 0.17.0-25-gefc9c12 (webtiles) character file.

130 graki42 the Sneak (level 5, -2/24 HPs)
             Began as a Vine Stalker Enchanter on Nov 18, 2015.
             Slain by an orc wizard
             ... wielding a +0 dagger
              (3 damage)
             ... on level 4 of the Dungeon.
             The game lasted 00:10:01 (1875 turns).

graki42 the Sneak (Vine Stalker Enchanter)          Turns: 1875, Time: 00:10:01

Health: -2/24      AC:  3    Str: 10      XL:     5   Next: 14%
Magic:  0/10       EV: 12    Int: 15      God:
Gold:   139        SH:  0    Dex: 13 (16) Spells: 3 memorised, 4 levels left

rFire  . . .     SeeInvis .     a - +2 dagger
rCold  . . .     Clarity  .     b - +1 robe
rNeg   . . .     SustAt   .     (no shield)
rPois  .         Gourm    .     (no helmet)
rElec  .         Spirit   +     (no cloak)
rCorr  .         Warding  .     (no gloves)
rMut   .         Stasis   .     (no boots)
MR     .....                    (no amulet)
Stlth  +++.......               (no ring)
                                (no ring)

@: slowed, very slow, not resistant to hostile enchantments, fairly stealthy
A: fangs 2, regeneration 1, magic shield, antimagic bite, no device heal 3, rot
immunity
a: no special abilities


You were on level 4 of the Dungeon.
You were not hungry.

You visited 1 branch of the dungeon, and saw 4 of its levels.

You collected 139 gold pieces.

Inventory:

Hand Weapons
 a - a +2 dagger (weapon)
Armour
 b - a +1 robe (worn)
Scrolls
 e - a scroll of identify {unknown}
 g - 2 scrolls of remove curse {unknown}
 j - a scroll of enchant armour {unknown}
Potions
 l - a potion of might {unknown}
Books
 c - a book of Maledictions

   Spells                             Type                      Level
   a - Corona                         Hexes                        1
   b - Ensorcelled Hibernation        Hexes/Ice                    2
   c - Confuse                        Hexes                        3
   d - Tukima's Dance                 Hexes                        3
   e - Dazzling Spray                 Conjuration/Hexes            3
Comestibles
 d - 2 bread rations
 f - a meat ration
 m - a chunk of flesh


   Skills:
 + Level 0.1 Fighting
 + Level 1.2 Short Blades
 + Level 1.8 Dodging
 + Level 5.1 Stealth
 + Level 3.0 Spellcasting
 + Level 3.8 Hexes
 + Level 1.0 Ice Magic


You had 4 spell levels left.
You knew the following spells:

 Your Spells              Type           Power        Failure   Level  Hunger
a - Corona                Hex            ##.....      4%          1    #......
b - Ensorcelled Hibernat  Hex/Ice        #.....       12%         2    ##.....
c - Dazzling Spray        Conj/Hex       #.......     30%         3    ###....


Dungeon Overview and Level Annotations

Branches:
Dungeon (4/15)
 Temple: D:4-7

Altars:
Cheibriados
Gozag

Annotations:
D:2 Terence
D:3 Natasha


Innate Abilities, Weirdness & Mutations

You have extremely sharp teeth.
Your natural rate of healing is unusually fast.
When hurt, damage is shared between your health and your magic reserves.
Your bite disrupts and absorbs the magic of your enemies.
Potions and wands cannot restore your health.
You are immune to rotting.


Message History

Press: ? - help, Shift-Dir - straight line, f - orc wizard
Aim: an orc wizard, wielding a dagger and wearing a robe (inner flame, chance to defeat MR: 40%)
The orc wizard resists with some effort.
The orc wizard barely misses you.
The orc wizard hits you but does no damage.
Read which item? (? for menu, Esc to quit)
As you read the scroll labeled OMILETS ELAO, it crumbles to dust.
It is a scroll of enchant weapon.
Enchant which weapon? (? for menu, Esc to quit)
Your +1 dagger glows red for a moment.
The orc wizard hits you with a dagger. The gnoll hits you!
* * * LOW HITPOINT WARNING * * *
Read which item? (? for menu, Esc to quit)
Okay, then.
Drink which item? (? for menu, Esc to quit)
It was a potion of degeneration.
There was something very wrong with that liquid.
You feel clumsy. The orc wizard hits you with a dagger.
You die...

. .. ... #.
g.
#...######.#
#....†)..#
#g# #@# #o#


oo# #... .... #.##.% .. .. #.# #.. You could see an orc wizard (inner flame), a
gnoll and 2 orcs.

Vanquished Creatures
  Ijyb (D:2)
  Jessica (D:2)
  4 adders (D:2)
  2 orcs
  4 giant cockroaches
  6 goblins
  5 hobgoblins
  A quokka (D:2)
  3 ball pythons
  4 bats (D:2)
  4 giant newts
  2 kobolds (D:2)
  6 rats
43 creatures vanquished.

Notes
Turn   | Place    | Note
--------------------------------------------------------------
     0 | D:1      | graki42 the Vine Stalker Enchanter began the quest for the Orb.
     0 | D:1      | Reached XP level 1. HP: 9/9 MP: 4/4
   193 | D:1      | Reached XP level 2. HP: 13/13 MP: 4/6
   228 | D:1      | Learned a level 2 spell: Ensorcelled Hibernation
   595 | D:2      | Noticed Jessica
   595 | D:2      | Noticed Terence
   650 | D:2      | Reached skill level 1 in Short Blades
   650 | D:2      | Reached skill level 4 in Stealth
   650 | D:2      | Reached XP level 3. HP: 16/16 MP: 7/7
   824 | D:2      | Noticed Ijyb
   841 | D:2      | Killed Ijyb
   841 | D:2      | Reached XP level 4. HP: 13/21 MP: 7/9
   885 | D:2      | Learned a level 3 spell: Dazzling Spray
  1249 | D:2      | Found a snail-covered altar of Cheibriados.
  1449 | D:2      | Killed Jessica
  1449 | D:2      | Reached skill level 5 in Stealth
  1449 | D:2      | Reached XP level 5. HP: 21/24 MP: 6/10
  1653 | D:2      | Reached skill level 1 in Ice Magic
  1752 | D:3      | Found an opulent altar of Gozag.
  1851 | D:3      | Noticed Natasha
  1874 | D:4      | HP: 1/24 [gnoll (7)]
  1875 | D:4      | Slain by an orc wizard

Action                   |  1- 3 |  4- 6 || total
-------------------------+-------+-------++-------
Melee: Dagger            |    43 |    32 ||    75
 Cast: Corona            |    10 |       ||    10
       Ensorcelled Hiber |    13 |    12 ||    25
       Dazzling Spray    |       |     2 ||     2
  Use: Scroll            |       |     3 ||     3
       Potion            |       |     1 ||     1
 Stab: Sleeping          |    13 |    14 ||    27
  Eat: Chunk             |     1 |     4 ||     5
